 Dungeon Crawl Stone Soup version 0.22-a0-373-gab1296c (webtiles) character file.

211 Falco the Covered (level 5, -2/49 HPs)
             Began as a Deep Dwarf Fighter on Apr 25, 2018.
             Was an Initiate of Makhleb.
             Slain by Crazy Yiuf
             ... wielding a +2 quarterstaff of chaos
              (18 damage)
             ... on level 3 of the Dungeon.
             The game lasted 00:15:52 (2437 turns).

Falco the Covered (Deep Dwarf Fighter)              Turns: 2437, Time: 00:15:53

Health: -2/49      AC: 12    Str: 19    XL:     5   Next: 57%
Magic:  5/5        EV:  8    Int:  9    God:    Makhleb [......]
Gold:   76         SH: 10    Dex: 15    Spells: 4/4 levels left

rFire    . . .     SeeInvis .   a - +0 war axe
rCold    . . .     Gourm    .   c - +0 shield
rNeg     + . .     Faith    .   b - +0 scale mail
rPois    .         Spirit   .   j - +0 helmet
rElec    .         Reflect  .   G - +1 cloak
rCorr    .         Harm     .   k - +0 pair of gloves
MR       .....                  o - +0 pair of boots
Stlth    ..........             (no amulet)
HPRegen  0.00/turn              e - ring of positive energy
MPRegen  0.09/turn              C - +2 ring of dexterity

@: non-regenerating, drained
A: damage resistance, heal wounds, sense surroundings 1, no regeneration
a: Heal Wounds, Renounce Religion


You were on level 3 of the Dungeon.
You worshipped Makhleb.
Makhleb was noncommittal.
You were not hungry.

You visited 1 branch of the dungeon, and saw 3 of its levels.

You collected 76 gold pieces.

Inventory:

Hand Weapons
 a - a +0 war axe (weapon)
 l - a +4 dagger
 n - a +0 hand axe
 p - a +0 short sword of flaming
 H - a cursed -3 dagger
 J - a +0 hand axe
 K - a +0 spear of piercing
Missiles
 h - 52 stones (quivered)
 v - 10 sling bullets
 x - 15 poisoned needles
 I - 7 tomahawks
Armour
 b - a +0 scale mail (worn)
 c - a +0 shield (worn)
 j - a +0 helmet (worn)
 k - a +0 pair of gloves (worn)
 o - a +0 pair of boots (worn)
 z - a +0 chain mail
 F - a +0 ring mail
 G - a +1 cloak (worn)
Jewellery
 e - a ring of positive energy (left hand)
 s - an uncursed ring of teleportation
 C - a +2 ring of dexterity (right hand)
 L - an uncursed ring of magical power {unknown}
Wands
 D - a wand of random effects (29)
Scrolls
 i - 2 scrolls of remove curse
 m - a scroll of fog {unknown}
 q - a scroll of noise {unknown}
 r - a scroll of teleportation {unknown}
 t - a scroll of fear {unknown}
 y - a scroll of amnesia {unknown}
 E - a scroll of blinking {unknown}
Potions
 d - 2 potions of might
 g - a potion of ambrosia {unknown}
 u - a potion of brilliance {unknown}
 w - 2 potions of curing {unknown}
 A - a potion of haste {unknown}
 B - a potion of degeneration {unknown}
Comestibles
 f - 4 rations


   Skills:
 + Level 3.0(2.9) Fighting
 + Level 0.5(0.4) Short Blades
 + Level 4.1(4.0) Axes
 + Level 4.4(4.3) Armour
 + Level 1.1(1.0) Dodging
 + Level 4.3(4.2) Shields


You had 4 spell levels left.
You didn't know any spells.

Dungeon Overview and Level Annotations

Branches:
Dungeon (3/15)

Altars:
Cheibriados
Makhleb
Okawaru
Qazlal
Ru
Uskayaw
Vehumet
Yredelemnul

Annotations:
D:3 Crazy Yiuf


Innate Abilities, Weirdness & Mutations

You are resistant to damage.
You can heal yourself by infusing magical energy.
You passively map a small area around you.
You do not regenerate.


Message History

Crazy Yiuf shouts!
Found a mace.
There is an open door here.
You hit Crazy Yiuf.
Crazy Yiuf is lightly wounded.
Crazy Yiuf hits you with a quarterstaff of chaos!
You slash Crazy Yiuf!
Crazy Yiuf is heavily wounded.
Crazy Yiuf hits you but does no damage. You partially resist.
You feel drained.
You hit Crazy Yiuf.
Crazy Yiuf is severely wounded.
Crazy Yiuf barely misses you. You block Crazy Yiuf's attack.
You closely miss Crazy Yiuf.
Crazy Yiuf is severely wounded.
Crazy Yiuf drinks a potion.
Crazy Yiuf seems to grow stronger.
You barely miss Crazy Yiuf.
Crazy Yiuf is severely wounded.
Crazy Yiuf hits you with a quarterstaff of chaos!
You are electrocuted!
You die...

#..........#** *
#......
###.###......# *
#.<..## #...#
#...##.# , **
#...##. #.###
######## * ,
.....#.. #.#
##....... #.#
#.#..#.# #.###♣♣
#### #)#.....
#.....♣♣ ♣♣#..)#
......#
#.....P♣♣♣♣.@g..#
* *###.##
##....P.♣..♣#...#
*#.*
##..P.♣.♣♣♣*####
* ###♣♣♣♣♣ * * *
, ** * ### * #..
#.# * ** * #.#


You could see Crazy Yiuf.

Vanquished Creatures
  A scorpion (D:2)
  An orc priest (D:3)
  An orc wizard (D:3)
  2 adders (D:2)
  3 dart slugs
  2 leopard geckos (D:1)
  9 orcs (D:3)
  8 bats
  5 giant cockroaches
  16 goblins
  7 hobgoblins
  3 jackals (D:3)
  3 kobolds
  2 frilled lizards
  3 rats
66 creatures vanquished.

Notes
Turn   | Place    | Note
-------+----------+-------------------------------------------
     0 | D:1      | Falco the Deep Dwarf Fighter began the quest for the Orb.
     0 | D:1      | Reached XP level 1. HP: 20/20 MP: 1/1
    93 | D:1      | Reached XP level 2. HP: 25/27 MP: 2/2
   495 | D:1      | Reached XP level 3. HP: 28/33 MP: 3/3
   913 | D:2      | Found a snail-covered altar of Cheibriados.
   919 | D:2      | Noticed a scorpion
   934 | D:2      | Killed a scorpion
   934 | D:2      | Reached XP level 4. HP: 32/40 MP: 4/4
  1980 | D:3      | Reached XP level 5. HP: 31/48 MP: 5/5
  2021 | D:3      | Reached skill level 1 in Dodging
  2178 | D:3      | Found a burning altar of Makhleb.
  2185 | D:3      | Became a worshipper of Makhleb the Destroyer
  2288 | D:3      | Found a stormy altar of Qazlal.
  2288 | D:3      | Found a radiant altar of Vehumet.
  2288 | D:3      | Found an iron altar of Okawaru.
  2290 | D:3      | Found a basalt altar of Yredelemnul.
  2292 | D:3      | Found a hide-covered altar of Uskayaw.
  2293 | D:3      | Found a sacrificial altar of Ru.
  2341 | D:3      | Found a runed door.
  2431 | D:3      | Noticed Crazy Yiuf
  2437 | D:3      | Slain by Crazy Yiuf

Vault maps used:
D:1:      mainiacjoe_arrival_reflecting_pool, minmay_pentomino_s4
D:2:      overflow_temple_1_default, first_ration
D:3:      minitemple, uniq_crazy_yiuf_cottage

Skill      XL: |  1  2  3  4  5 |
---------------+----------------+-----
Axes           | 3 4 |  4.1
Armour         | 4 |  4.4
Shields        | 4 |  4.3
Fighting       | 3 |  3.0
Dodging        | 1 |  1.1
Short Blades   | |  0.5

Action                   |  1- 3 |  4- 6 || total
-------------------------+-------+-------++-------
Melee: War axe           |   100 |    93 ||   193
       Short sword       |       |    34 ||    34
  Use: Scroll            |       |     4 ||     4
  Eat: Ration            |       |     2 ||     2
Armor: Scale mail        |    72 |    55 ||   127
Dodge: Dodged            |    51 |    30 ||    81
Block: Shield            |    84 |    72 ||   156

Table legend:
 A = Spawn XP
 B = Non-spawn XP
 C = Spawn XP percentage of total XP
 D = Spawn monster count
 E = Non-spawn monster count
 F = Spawn count percentage of total count
 G = Total turns spent on level
                    A         B        C        D         E        F      G
               +---------+---------+-------+---------+---------+-------+---------
         Total |       0 |     302 |   0.0 |       0 |      66 |   0.0 |  2437
               +---------+---------+-------+---------+---------+-------+---------
           D:1 |       0 |      46 |   0.0 |       0 |      23 |   0.0 |   888
           D:2 |       0 |     131 |   0.0 |       0 |      19 |   0.0 |   904
           D:3 |       0 |     125 |   0.0 |       0 |      24 |   0.0 |   645
               +---------+---------+-------+---------+---------+-------+---------
